 Dungeon Crawl Stone Soup version 0.31-a0-152-g6aa68a64a1 (webtiles) character file.

Game seed: 2733367217818123325

215 Anon1729 the Ducker (level 6, -2/53 HPs)
             Began as a Meteoran Monk on June 10, 2023.
             Was a Priest of Vehumet.
             Slain by a gnoll
             ... wielding a +0 club
              (9 damage)
             ... on level 4 of the Dungeon.
             The game lasted 00:04:47 (586 turns).

Anon1729 the Ducker (Meteoran Monk)                  Turns: 586, Time: 00:04:48

Health: -2/53      AC:  2    Str: 12    XL:     6   Next: 39%
Magic:  7/7        EV: 14    Int: 14    God:    Vehumet [***...]
Gold:   32         SH:  0    Dex: 17    Spells: 2/6 levels left

rFire   . . .        a - +0 mace
rCold   . . .        d - orb {light}
rNeg    . . .        b - +0 robe
rPois   .            (no helmet)
rElec   .            (no cloak)
rCorr   .            (no gloves)
SInv    .            (no boots)
Will    .....        (no amulet)
Stlth   +            j - ring of wizardry
HPRegen 0.28/turn    (no ring)
MPRegen 0.10/turn

%: wizardry (x1)
@: glowing
A: sense surroundings 1, otherworldly, glowing, explore regen
a: Renounce Religion


You were on level 4 of the Dungeon.
You worshipped Vehumet.
Vehumet was most pleased with you.
You visited 1 branch of the dungeon, and saw 4 of its levels.

You collected 32 gold pieces.

Inventory:

Hand Weapons
 a - a +0 mace (weapon)
Armour
 b - a +0 robe (worn)
 d - an orb of light (worn)
Jewellery
 j - a ring of wizardry (left hand)
Wands
 o - a wand of light (9)
Scrolls
 e - a scroll of poison {unknown}
 f - 2 scrolls of enchant weapon {unknown}
 g - 2 scrolls of teleportation {unknown}
 h - a scroll of fear {unknown}
 k - a scroll of butterflies {unknown}
 l - a scroll of blinking {unknown}
 n - a scroll of magic mapping {unknown}
Potions
 i - a potion of enlightenment {unknown}
 m - a potion of brilliance {unknown}


   Skills:
 + Level 4.4 Fighting
 - Level 4.2 Maces & Flails
 + Level 3.0 Armour
 + Level 4.9 Dodging
 + Level 0.5 Spellcasting
 + Level 2.4 Ice Magic


You had 2 spell levels left.
You knew the following spells:

 Your Spells              Type           Power      Damage    Failure   Level
a - Freeze                Ice            28%        1d5       1%          1
b - Frozen Ramparts       Ice            14%        1d3       3%          3

Your spell library contained the following spells:

 Spells                   Type           Power      Damage    Failure   Level
 Searing Ray              Conj           0%         2d4       4%          2
 Lesser Beckoning         Tloc           0%         N/A       16%         2
 Hailstorm                Conj/Ice       3%         3d3       6%          3
 Gell's Gravitas          Tloc           0%         N/A       32%         3
 Teleport Other           Tloc           0%         N/A       32%         3


Dungeon Overview and Level Annotations

Branches:
Dungeon (4/15) Zot: 1798
 Temple: D:4-7

Altars:
Elyvilon
Vehumet

Shops:
D:1 [


Innate Abilities, Weirdness & Mutations

You passively map a small area around you.
You are easily found by Zot.
You glow in the dark.
You regain HP and MP as you explore.


Message History

Confirm with . or Enter, or press ? or * to list all spells.
Aiming: Freeze (safe; 1% risk of failure)
Press: ? - help, Shift-Dir - straight line, f - gnoll
Aim: a gnoll, wielding a +0 whip (moderately wounded, haloed)
You freeze the gnoll.
The gnoll is heavily wounded.
The wall freezes the gnoll but does no damage.
The wall freezes the gnoll.
The gnoll hits you with a +0 whip.
* * * LOW HITPOINT WARNING * * *
The wall freezes the orc.
Casting: Freeze (safe; 1% risk of failure)
Confirm with . or Enter, or press ? or * to list all spells.
Aiming: Freeze (safe; 1% risk of failure)
Press: ? - help, Shift-Dir - straight line, f/p - gnoll
Aim: a gnoll, wielding a +0 whip (severely wounded, haloed)
Okay, then.
You are confused.
You feel invigorated.
The wall freezes the gnoll.
The gnoll closely misses you.
The wall freezes the gnoll but does no damage.
The gnoll closely misses you.
The wall freezes the orc but does no damage.
The wall freezes the gnoll.
The gnoll barely misses you.
The wall freezes the gnoll but does no damage.
The gnoll hits you with a +0 whip.
* * * LOW HITPOINT WARNING * * *
You feel less invigorated.
The frozen ramparts melt away.
You feel less confused. The gnoll closely misses you.
The gnoll hits you with a +0 whip!
* * * LOW HITPOINT WARNING * * *
The orc completely misses you.
Casting: Freeze (safe; 1% risk of failure)
Confirm with . or Enter, or press ? or * to list all spells.
Aiming: Freeze (safe; 1% risk of failure)
Press: ? - help, Shift-Dir - straight line, f/p - gnoll
Aim: a gnoll, wielding a +0 whip (almost dead, haloed)
You freeze the gnoll.
You kill the gnoll!
Vehumet accepts your kill.
You feel your power returning. The gnoll hits you with a +0 club!
You die...

..P..P P.......
.P♣...♣♣..... .#
.P.....P.... ..#
....♣..P..# * #.#
.P........# #.#####
.P♣...♣...# ##.#...###
..P.P♣.♣..### #........#
..♣P♣g###...## #.........
....o## ##o..###@........
* .....+ #Pg.##g)o.......
.....## ##P..##..........
..♣.♣.###PP..#...........
..P.PPPPPP...............
...........###...........
#.........## #...........
##......### .........♣..
, #####.## #$.....♣.P...
*


You could see a gnoll and an orc.

Vanquished Creatures
  Sigmund (D:2)
  3 gnolls (D:4)
  2 adders
  An orc (D:3)
  An endoplasm (D:4)
  5 goblins
  2 hobgoblins
  2 kobolds (D:1)
  A quokka (D:1)
  A ball python (D:3)
  A bat (D:3)
  A rat (D:1)
21 creatures vanquished.

Notes
Turn   | Place    | Note
-------+----------+-------------------------------------------
     0 | D:1      | Anon1729 the Meteoran Monk began the quest for the Orb.
     0 | D:1      | Reached XP level 1. HP: 19/19 MP: 2/2
   108 | D:1      | Reached XP level 2. HP: 22/26 MP: 3/3
   133 | D:1      | Found Juymirab's Antique Armour Shop.
   179 | D:2      | Noticed Sigmund
   190 | D:2      | Killed Sigmund
   191 | D:2      | Reached XP level 3. HP: 10/34 MP: 4/4
   191 | D:2      | Reached XP level 4. HP: 12/41 MP: 5/5
   191 | D:2      | Reached XP level 5. HP: 14/47 MP: 6/6
   191 | D:2      | Reached XP level 6. HP: 15/53 MP: 7/7
   292 | D:2      | Learned a level 1 spell: Freeze
   296 | D:2      | Learned a level 3 spell: Frozen Ramparts
   331 | D:2      | Found a faded altar of an unknown god.
   338 | D:2      | Prayed at the altar of an unknown god.
   338 | D:2      | Became a worshipper of Vehumet
   338 | D:2      | Reached * piety under Vehumet
   338 | D:2      | Offered knowledge of Foxfire by Vehumet.
   338 | D:2      | Reached ** piety under Vehumet
   477 | D:3      | Found a white marble altar of Elyvilon.
   496 | D:3      | Offered knowledge of Searing Ray by Vehumet.
   565 | D:4      | Reached *** piety under Vehumet
   586 | D:4      | Slain by a gnoll

Illustrated notes

Levels and vault maps discovered:
D:1:      dpeg_arrival_houses_and_road, layout_rooms, serial_shops,
          nicolae_shop_stone, minmay_pentomino_q2
D:2:      layout_loops_corners, dreamdust_ecumenical_altar_hidden_monk_grotto,
          uniq_sigmund
D:3:      layout_rooms, mainiacjoe_overflow_paths
D:4:      layout_cave_pods, vehumet_statue, serial_park, serial_park_tiny_2,
          serial_park_square2, serial_park_square2, serial_park_gazebo
          [serial_park_minivault_5x5_1], gup_sewer_entry_pipe,
          nicolae_shop_unique_rings, hellmonk_no_cap

Skill      XL: |  1  2  3  4  5  6 |
---------------+-------------------+-----
Fighting       | 4 |  4.4
Armour         | 2 3 |  3.0
Dodging        | 4 |  4.9
Ice Magic      | 2 |  2.4
Maces & Flails | |  4.2
Spellcasting   | |  0.5

Action                     |  1- 3 |  4- 6 || total
---------------------------+-------+-------++-------
  Melee: Mace              |    26 |    47 ||    73
   Cast: Freeze            |       |     2 ||     2
         Frozen Ramparts   |       |     1 ||     1
    Use: Potion            |       |     1 ||     1
 Armour: Robe              |     2 |     2 ||     4
  Dodge: Dodged            |    15 |    32 ||    47

Table legend: (Time is in decaauts)
 A = Elapsed time spent in this place.
 B = Non-inter-level travel time spent in this place.
 C = Inter-level travel time spent in this place.
 D = Time resting spent in this place.
 E = Time spent auto-exploring this place.
 F = Levels seen in this place.
 G = Mean time per level.
                   A        B        C        D        E       F      G
               +--------+--------+--------+--------+--------+-----+--------+
         Total |    600 |    574 |     26 |      0 |      0 |   4 |  150.0 |
       Dungeon |    600 |    574 |     26 |      0 |      0 |   4 |  150.0 |
               +--------+--------+--------+--------+--------+-----+--------+

Top non-repeatable levels by time:
     D:2: 233 daAuts
     D:1: 181 daAuts
     D:3: 123 daAuts
     D:4: 62 daAuts
